 Dungeon Crawl Stone Soup version 0.24.0-123-gd5b16e6ec5 (webtiles) character file.

Game seed: 3244701921381271227, levelgen mode: deterministic

66782 Chiseanne the Thrower (level 14, -12/144 HPs)
             Began as a Troll Hunter on Jan 9, 2020.
             Was a High Priest of Nemelex Xobeh.
             Killed from afar by a deep elf mage (19 damage)
             ... with a bolt of magma
             ... on level 15 of the Dungeon.
             The game lasted 00:49:30 (12092 turns).

Chiseanne the Thrower (Troll Hunter)               Turns: 12092, Time: 00:49:31

Health: -12/144    AC: 11    Str: 29    XL:     14   Next: 80%
Magic:  0/17       EV: 22    Int: 12    God:    Nemelex Xobeh [*****.]
Gold:   249        SH:  0    Dex: 18    Spells: 13/13 levels left

rFire    + . .     SeeInvis .   a - +5 flail "Embalmer" {flame, *Corrode rN+ Str+6 Stlth+}
rCold    . . .     Gourm    +   (no shield)
rNeg     + . .     Faith    .   H - +1 troll leather armour
rPois    .         Spirit   +   E - +2 hat
rElec    .         Reflect  .   (no cloak)
rCorr    +         Harm     .   (gloves unavailable)
MR       +....                  (boots unavailable)
Stlth    +++.......             P - amulet of guardian spirit
HPRegen  1.14/turn              L - ring "Nampokh" {rF+ Int+4}
MPRegen  0.15/turn              x - ring of resist corrosion

@: agile
A: large, unfitting armour, claws 3, fast metabolism 3, gourmand, regeneration
1, shaggy fur 1, tough skin 3
a: Draw Escape, Draw Destruction, Draw Summoning, Triple Draw, Deal Four, Stack
Five, Renounce Religion


You were on level 15 of the Dungeon.
You worshipped Nemelex Xobeh.
Nemelex Xobeh was extremely pleased with you.
You were very full.

You visited 1 branch of the dungeon, and saw 15 of its levels.
You also visited: Bailey.

You collected 891 gold pieces.
You spent 642 gold pieces at shops.

Inventory:

Hand Weapons
 a - the +5 flail "Embalmer" (weapon) {flame, *Corrode rN+ Str+6 Stlth+}
   (You took it off an orc on level 8 of the Dungeon)

   It has been specially enchanted to burn those struck by it, causing extra
   injury to most foes and up to half again as much damage against particularly
   susceptible opponents.
   It affects your strength (+6).
   It protects you from negative energy.
   It may corrode you when you take damage.
   It makes you more stealthy.
 D - a +2 trident of protection
 J - a +6 giant spiked club {** Badass ugly Stick **}
 Q - a +2 dire flail of protection
 U - a +0 glaive of flaming
 Z - the +7 broad axe of Fate {flame, *Rage MR++ Str+5}
   (You took it off a centaur on level 14 of the Dungeon)

   It has been specially enchanted to burn those struck by it, causing extra
   injury to most foes and up to half again as much damage against particularly
   susceptible opponents.
   Big, fiery blades are also staple armaments of hydra-hunters.
   It affects your strength (+5).
   It affects your resistance to hostile enchantments.
   It may make you go berserk in combat.
Missiles
 b - 13 silver boomerangs
 h - 12 boomerangs
 k - 49 poisoned darts
 u - 6 curare-tipped darts
 C - 6 large rocks (quivered)
 M - 5 javelins
 W - 26 sling bullets
Armour
 E - a +2 hat (worn)
 H - a +1 troll leather armour (worn)
 T - a +0 large shield
 V - a +2 robe of fire resistance
Jewellery
 r - an uncursed ring of flight
 x - a ring of resist corrosion (right claw)
 y - an uncursed ring of fire
 z - an uncursed ring of wizardry
 L - the ring "Nampokh" (left claw) {rF+ Int+4}
   (You found it on level 9 of the Dungeon)

   [ring of protection from fire]

   It affects your intelligence (+4).
   It protects you from fire.
 P - an amulet of guardian spirit (around neck)
Wands
 l - a wand of polymorph (11)
 G - a wand of random effects (16)
 I - a wand of iceblast (4)
 N - a wand of flame (14)
Scrolls
 e - 2 scrolls of enchant armour
 g - a scroll of magic mapping
 j - 2 scrolls of immolation
 q - 2 scrolls of teleportation
 w - a scroll of remove curse
 A - 2 scrolls of amnesia
 B - 4 scrolls of summoning
 O - 2 scrolls of fear
 S - 3 scrolls of blinking
 Y - 3 scrolls of identify
Potions
 c - 6 potions of curing
 d - 3 potions of invisibility
 i - a potion of mutation
 m - 5 potions of brilliance
 n - 4 potions of flight
 o - 6 potions of heal wounds
 p - a potion of magic {unknown}
 t - 2 potions of lignification
 v - a potion of ambrosia
 K - a potion of resistance
 X - 2 potions of cancellation
Miscellaneous
 s - a phial of floods
Comestibles
 f - 23 rations
 F - 5 chunks of flesh


   Skills:
 * Level 10.6 Fighting
 * Level 10.5 Maces & Flails
 * Level 11.4 Throwing
 * Level 10.1 Dodging
 - Level 0.3 Stealth
 - Level 6.0 Evocations


You had 13 spell levels left.
You didn't know any spells.
Your spell library contained the following spells:

 Spells                   Type           Power        Failure   Level  Hunger
 Apportation              Tloc           #.....       36%         1    ##.....
 Corona                   Hex            #......      36%         1    ##.....
 Flame Tongue             Conj/Fire      #....        36%         1    ##.....
 Shock                    Conj/Air       #...         36%         1    ##.....
 Summon Butterflies       Summ           #.......     36%         1    ##.....
 Ensorcelled Hibernation  Hex/Ice        #.....       50%         2    ###....
 Slow                     Hex            #.......     50%         2    ###....
 Swiftness                Chrm/Air       #.......     50%         2    ###....
 Throw Flame              Conj/Fire      #.....       50%         2    ###....
 Confuse                  Hex            #.......     73%         3    ####...
 Conjure Flame            Conj/Fire      #.......     73%         3    ####...
 Dazzling Spray           Conj/Hex       #.....       73%         3    ####...
 Gell's Gravitas          Tloc           #.........   73%         3    ####...
 Inner Flame              Hex/Fire       #.......     73%         3    ####...
 Lesser Beckoning         Tloc           #.........   73%         3    ####...
 Portal Projectile        Hex/Tloc       #.....       73%         3    ####...
 Static Discharge         Conj/Air       #.......     73%         3    ####...
 Tukima's Dance           Hex            #.......     73%         3    ####...
 Airstrike                Air            #.........   98%         4    #####..
 Cause Fear               Hex            #.........   98%         4    #####..
 Force Lance              Conj/Tloc      #.......     98%         4    #####..
 Leda's Liquefaction      Hex/Erth       #.........   98%         4    #####..
 Sticky Flame             Conj/Fire      #.......     98%         4    #####..
 Alistair's Intoxication  Tmut/Pois      #.......     100%        5    ######.
 Fireball                 Conj/Fire      #.........   100%        5    ######.
 Lightning Bolt           Conj/Air       #.........   100%        5    ######.
 Dispersal                Tloc           #.........   100%        6    #######
 Invisibility             Hex            #.......     100%        6    #######
 Controlled Blink         Tloc           N/A          100%        8    #######
 Disjunction              Tloc           #.........   100%        8    #######


Dungeon Overview and Level Annotations

Branches:
Dungeon (15/15)            Temple (0/1) D:7            Lair (0/6) D:10
    Orc (0/2) D:10         Vaults (0/5) D:13         Bailey (visited)
 Depths: D:15

Altars:
Cheibriados
Dithmenos
Elyvilon
Gozag
Hepliaklqana
Kikubaaqudgha
Makhleb
Nemelex Xobeh
Okawaru
Qazlal
Ru
Sif Muna
Wu Jian
Xom
Zin

Shops:
D:5 %   D:11 *


Innate Abilities, Weirdness & Mutations

You are too large for most types of armour.
You have claws for hands.
Your metabolism is lightning-fast.
You like to eat raw meat.
Your natural rate of healing is unusually fast.
You are covered in fur. (AC +1)
You have extremely tough skin. (AC +3)


Message History

The orc barely misses you.
You feel much better.
The deep elf mage hits you but does no damage.
The orc hits you but does no damage.
You feel agile all of a sudden.
The earth elemental disappears in a puff of smoke!
The deep elf mage gestures at you while chanting.
The stone arrow misses you. The orc hits you with a +0 war axe!
* * * LOW HITPOINT WARNING * * *
You feel stronger.
The +5 flail "Embalmer" {flame, *Corrode rN+ Str+6 Stlth+} bursts into flame!
a - the +5 flail "Embalmer" (weapon)
{flame, *Corrode rN+ Str+6 Stlth+} The deep elf mage points at you and mumbles some strange words.
The stone arrow hits you!!
* * * LOW HITPOINT WARNING * * *
You barely miss the deep elf mage. The orc misses you.
The deep elf mage gestures at you while chanting.
The bolt of magma hits you!! You partially resist.
You die...
Your body glows with a rainbow of weird colours and disappears.

# ########. #...#.(.
#.#.#.# #.#...#
###)#...#
##########.).(..(#
...#.@.##..)#...#
'####.#e#o#.......(#
........ยงยง#..#.....#
##.#..)###....#..<#
#.............(......
#........###.#.#.###.
..#.#.....#......#.#...
..E((.).......####.#
### .e#...#..#....# #.#


You could see a deep elf mage and an orc.

Vanquished Creatures
  Erica (D:11)
  A hydra (D:13)
  6 centaur warriors
  2 dancing weapons (D:13)
  4 two-headed ogres
  A wizard (D:14)
  A wolf spider zombie (D:14)
  A harpy (D:13)
  3 orc knights (Bailey)
  An ugly thing (D:11)
  A manticore (D:14)
  2 cyclopes
  A moth of wrath (Bailey)
  An elephant (D:10)
  3 gargoyles
  2 centaur zombies
  An efreet (D:14)
  3 kobold demonologists
  2 centaur skeletons
  A yaktaur (shapeshifter) (D:13)
  2 komodo dragons
  A tengu conjurer (D:14)
  2 trolls
  7 slime creatures
  6 hippogriffs
  13 yaks
  A shadow (D:14)
  A basilisk (D:10)
  2 hungry ghosts
  2 steam dragons
  A water moccasin (D:10)
  A soldier ant (D:14)
  2 ice beasts
  4 sky beasts
  4 black bears
  2 eyes of draining
  3 phantoms
  8 ogres
  21 orc warriors
  3 necrophages
  23 centaurs
  4 crocodiles
  5 big kobolds
  14 bullfrogs
  A scorpion (D:10)
  A wyvern skeleton (D:10)
  5 howler monkeys
  9 crimson imps
  3 bullfrog zombies
  4 bullfrog skeletons
  4 jellies
  10 hounds
  2 gnoll shamans
  8 orc priests
  4 iguanas
  19 orc wizards
  6 worker ants
  2 hound zombies
  2 hound skeletons
  A mummy (D:5)
  2 worker ant zombies
  7 adders
  9 gnolls
  2 shadow imps
  An adder skeleton (D:3)
  2 worms
  5 leopard geckos
  70 orcs
  4 bats
  6 giant cockroaches
  6 goblins
  7 hobgoblins
  7 jackals
  28 kobolds
  3 quokkas
  2 ball pythons
  4 frilled lizards
  5 rats
421 creatures vanquished.

Vanquished Creatures (collateral kills)
  Rupert (D:14)
  Louise (D:13)
  A hippogriff (D:14)
3 creatures vanquished.

Vanquished Creatures (others)
  2 centaurs (D:14)
  An orc (D:14)
3 creatures vanquished.

Grand Total: 427 creatures vanquished

Notes
Turn   | Place    | Note
-------+----------+-------------------------------------------
     0 | D:1      | Chiseanne the Troll Hunter began the quest for the Orb.
     0 | D:1      | Reached XP level 1. HP: 19/19 MP: 0/0
    93 | D:1      | Found a sparkling altar of Nemelex Xobeh.
   119 | D:1      | Became a worshipper of Nemelex Xobeh the Trickster
   129 | D:1      | Reached XP level 2. HP: 27/28 MP: 1/1
   359 | D:1      | Received a gift from Nemelex Xobeh
   768 | D:2      | Found a shimmering blue altar of Sif Muna.
   804 | D:2      | Reached XP level 3. HP: 11/35 MP: 2/2
   879 | D:2      | Reached skill level 4 in Throwing
   962 | D:2      | Reached * piety under Nemelex Xobeh
  1105 | D:2      | Found a burning altar of Makhleb.
  1278 | D:2      | Reached XP level 4. HP: 15/44 MP: 3/3
  1752 | D:3      | Reached ** piety under Nemelex Xobeh
  1808 | D:3      | Found a hazy altar of Hepliaklqana.
  1809 | D:3      | Found a shimmering altar of Xom.
  1809 | D:3      | Noticed a hungry ghost
  1810 | D:3      | Noticed a hungry ghost
  1810 | D:3      | Noticed a spectral ugly thing
  2099 | D:3      | Found an ancient bone altar of Kikubaaqudgha.
  2199 | D:4      | Reached XP level 5. HP: 24/50 MP: 4/4
  2222 | D:4      | Reached skill level 1 in Maces & Flails
  2222 | D:4      | Reached skill level 1 in Evocations
  2447 | D:4      | Reached XP level 6. HP: 16/59 MP: 5/5
  2955 | D:5      | Entered Level 5 of the Dungeon
  2992 | D:5      | Noticed a sky beast
  2997 | D:5      | Found Zoijar's Food Shop.
  3012 | D:5      | Killed a sky beast
  3058 | D:5      | Noticed an ice beast
  3061 | D:5      | Killed an ice beast
  3162 | D:5      | Received a gift from Nemelex Xobeh
  3174 | D:5      | Found a snail-covered altar of Cheibriados.
  3180 | D:5      | Reached XP level 7. HP: 54/67 MP: 7/7
  3321 | D:5      | Reached skill level 5 in Throwing
  3489 | D:5      | Found a glowing silver altar of Zin.
  3489 | D:5      | Found a stormy altar of Qazlal.
  3875 | D:6      | Reached XP level 8. HP: 69/75 MP: 7/9
  3880 | D:6      | Reached *** piety under Nemelex Xobeh
  3918 | D:6      | Found an iron altar of Okawaru.
  3918 | D:6      | Found an opulent altar of Gozag.
  4047 | D:6      | Received a gift from Nemelex Xobeh
  4134 | D:6      | Found a sacrificial altar of Ru.
  4402 | D:7      | Found a staircase to the Ecumenical Temple.
  4552 | D:7      | Found an ornate altar of the Wu Jian Council.
  4639 | D:7      | Reached skill level 6 in Throwing
  4647 | D:7      | Noticed a hippogriff
  4654 | D:7      | Killed a hippogriff
  5205 | D:8      | Reached skill level 5 in Dodging
  5239 | D:8      | Received a gift from Nemelex Xobeh
  5281 | D:8      | Noticed a hippogriff
  5284 | D:8      | Killed a hippogriff
  5284 | D:8      | Reached XP level 9. HP: 84/84 MP: 10/10
  5510 | D:8      | Reached **** piety under Nemelex Xobeh
  5657 | D:8      | Reached skill level 5 in Maces & Flails
  5993 | D:9      | Reached skill level 7 in Throwing
  6198 | D:9      | Identified the +5 flail "Embalmer" {flame, *Corrode rN+
                  | Str+6 Stlth+}
  6288 | D:9      | Noticed a troll
  6295 | D:9      | Killed a troll
  6366 | D:9      | Noticed a two-headed ogre
  6374 | D:9      | Killed a two-headed ogre
  6375 | D:9      | Reached XP level 10. HP: 49/94 MP: 11/11
  6404 | D:9      | Received a gift from Nemelex Xobeh
  6419 | D:9      | Got a scintillating tin ring
  6427 | D:9      | Identified the ring "Nampokh" {rF+ Int+4} (You found it on
                  | level 9 of the Dungeon)
  6776 | D:10     | Entered Level 10 of the Dungeon
  6788 | D:10     | Reached skill level 5 in Fighting
  6798 | D:10     | Received a gift from Nemelex Xobeh
  6842 | D:10     | Reached skill level 8 in Throwing
  6909 | D:11     | Reached ***** piety under Nemelex Xobeh
  6949 | D:11     | Noticed a gargoyle
  6957 | D:11     | Killed a gargoyle
  7095 | D:10     | Noticed an elephant
  7172 | D:10     | Killed an elephant
  7287 | D:10     | Found a staircase to the Lair.
  7392 | D:10     | Reached skill level 9 in Throwing
  7416 | D:10     | Reached XP level 11. HP: 74/105 MP: 0/12
  7819 | D:10     | Received a gift from Nemelex Xobeh
  7962 | D:10     | Found a staircase to the Orcish Mines.
  8371 | D:11     | Noticed a two-headed ogre
  8380 | D:11     | Killed a two-headed ogre
  8388 | D:11     | Noticed a two-headed ogre
  8391 | D:11     | Killed a two-headed ogre
  8436 | D:11     | Noticed a purple ugly thing
  8438 | D:11     | Noticed Erica
  8439 | D:11     | Noticed a two-headed ogre
  8447 | D:11     | Killed a purple ugly thing
  8453 | D:11     | Killed Erica
  8454 | D:11     | Killed a two-headed ogre
  8494 | D:11     | Reached skill level 10 in Throwing
  8709 | D:11     | Found Waach's Assorted Antiques.
  8709 | D:11     | Received a gift from Nemelex Xobeh
  8721 | D:11     | Bought a brown potion for 34 gold pieces
  8721 | D:11     | Bought a scroll of identify for 76 gold pieces
  8721 | D:11     | Bought a scroll of identify for 76 gold pieces
  8721 | D:11     | Bought a scroll of identify for 76 gold pieces
  8721 | D:11     | Bought 2 potions of heal wounds for 380 gold pieces
  8986 | D:11     | Reached XP level 12. HP: 122/122 MP: 13/13
  9136 | D:12     | Found a shadowy altar of Dithmenos.
  9350 | D:11     | Reached XP level 13. HP: 119/130 MP: 14/14
 10241 | D:13     | Found a gate to the Vaults.
 10267 | D:13     | Found a flagged portal.
 10307 | Bailey   | Entered a bailey
 10389 | Bailey   | Reached skill level 10 in Fighting
 10398 | Bailey   | Received a gift from Nemelex Xobeh
 10436 | Bailey   | Reached XP level 14. HP: 142/142 MP: 14/17
 10797 | D:13     | Noticed Snorg
 10802 | D:13     | Noticed Snorg
 10802 | D:13     | Snorg changed into Snorg the harpy
 10805 | D:13     | Killed Snorg the harpy
 10805 | D:13     | Reached skill level 10 in Maces & Flails
 10933 | D:14     | Noticed Louise
 11081 | D:13     | Killed Louise
 11081 | D:13     | Reached skill level 11 in Throwing
 11291 | D:14     | Found a white marble altar of Elyvilon.
 11474 | D:14     | Noticed Rupert
 11493 | D:14     | Killed Rupert
 11538 | D:14     | Reached skill level 10 in Dodging
 11538 | D:14     | Identified the +7 broad axe of Fate {flame, *Rage MR++
                  | Str+5}
 11590 | D:14     | Received a gift from Nemelex Xobeh
 12023 | D:15     | Entered Level 15 of the Dungeon
 12091 | D:15     | HP: 6/144 [deep elf mage/stone arrow (27)]
 12092 | D:15     | Killed from afar by a deep elf mage

Levels and vault maps discovered:
D:1:      dpeg_arrival_signposts, layout_basic, minmay_misc_feat_diagonals,
          nemelex_xobeh_ov_fountains_minmay
D:2:      layout_basic, overflow_temple_1_default, first_ration, bloody_makhleb
D:3:      layout_basic, regret_index_temple_of_mockery, marbit_many_paths,
          kennysheep_flooded_box
D:4:      layout_basic
D:5:      layout_basic, slow_altar_1, amethyst_overflow_temple_binary,
          serial_shops, nicolae_shop_temple_entry_statues_fountains
D:6:      layout_rooms, gammafunk_temple_overflow_wave, hangedman_ru_absence
D:7:      layout_loops_ring, minmay_temple_entry_offerings, basic_altar
D:8:      layout_basic, grunt_ogre_cave
D:9:      layout_cave_pools, nrook_mini_vaults
D:10:     layout_basic, david_lair_generic, david_orc_4, grunt_ministairs_2,
          minmay_unpleasant_kobolds
D:11:     layout_roguey, serial_shops, nicolae_shop_overgrown_old_shop,
          hex_large, minmay_the_grid_square_5x5_3x3_mashed
          [minmay_the_grid_square_5x5_checkered,
          minmay_the_grid_square_5x5_three_small,
          minmay_the_grid_square_5x5_shuriken,
          minmay_the_grid_square_5x5_inner_v,
          minmay_the_grid_square_5x5_megaprize_hollow,
          minmay_the_grid_square_5x5_c, minmay_the_grid_square_5x5_two,
          minmay_the_grid_square_5x5_n,
          minmay_the_grid_square_5x5_hollow_slash], uniq_erica
D:12:     layout_basic, nicolae_dithmenos_through_a_glass_darkly
D:13:     layout_rooms, erik_vaults_1, enter_bailey_2, uniq_snorg
D:14:     layout_cave_pools, elyvilon_altar_4, uniq_rupert, uniq_louise
D:15:     grunt_enter_depths_giant_problem, layout_basic,
          kennysheep_pointless_box, nicolae_elemental_shop

Skill      XL: |  1  2  3  4  5  6  7  8  9 10 11 12 13 14 |
---------------+-------------------------------------------+-----
Dodging        | 2 3 4 5 6 7 8 9 10 | 10.1
Fighting       | 2 3 4 5 9 10 | 10.6
Throwing       | 4 5 6 7 9 10 11 | 11.4
Maces & Flails | 1 2 3 4 6 7 8 9 10 | 10.5
Evocations     | 1 2 6 |  6.0
Stealth        | |  0.3

Action                   |  1- 3 |  4- 6 |  7- 9 | 10-12 | 13-15 || total
-------------------------+-------+-------+-------+-------+-------++-------
Melee: Short sword       |   151 |    27 |       |       |       ||   178
       Mace              |       |    86 |       |       |       ||    86
       Flail             |       |    24 |   207 |   439 |   180 ||   850
       Giant spiked club |       |       |       |       |   145 ||   145
Throw: Large rock        |     1 |    14 |    34 |    33 |    45 ||   127
       Dart              |       |    12 |     5 |       |       ||    17
       Throwing net      |       |     6 |     6 |     4 |       ||    16
       Stone             |       |     1 |       |     1 |       ||     2
       Javelin           |       |       |       |     8 |     5 ||    13
       Boomerang         |       |       |       |     5 |    16 ||    21
 Abil: Draw Destruction  |       |       |     3 |     5 |    11 ||    19
       Draw Summoning    |       |       |       |       |     7 ||     7
Evoke: Wand              |       |       |       |       |     9 ||     9
  Use: Scroll            |       |    18 |     8 |     9 |    10 ||    45
       Potion            |       |     1 |     2 |     3 |     5 ||    11
 Stab: Sleeping          |       |       |       |     2 |     1 ||     3
       Held in net/web   |       |       |       |     1 |       ||     1
       Confused          |       |       |       |       |     4 ||     4
       Invisible         |       |       |       |       |     3 ||     3
       Distracted        |       |       |       |       |     1 ||     1
  Eat: Chunk             |    17 |    13 |    35 |    36 |    26 ||   127
Armor: Robe              |    68 |    64 |    90 |       |       ||   222
       Troll leather arm |       |       |    10 |   211 |   147 ||   368
Dodge: Dodged            |    91 |   115 |   169 |   428 |   434 ||  1237
